[Event "GrandPrix_29.05"]
[Site "Chess.com"]
[Date "2020.05.29"]
[Round "4"]
[White "VSERGUEI"]
[Black "BakuTurk"]
[Result "1-0"]
[WhiteElo "2543"]
[BlackElo "2221"]
[TimeControl "600+2"]
[EndTime "10:56:19 PDT"]
[Termination "VSERGUEI won by resignation"]

1. d4 Nf6 2. c4 e6 3. Nc3 Bb4 4. f3 d5 5. a3 Be7 6. e4 dxe4 7. fxe4 e5 8. d5 a5 9. Nf3 Bg4 10. h3 Bxf3 11. Qxf3 Nbd7 12. Bd3 Bc5 13. Bd2 c6 14. O-O-O O-O 15. Kb1 Bd4 16. Rc1 Nc5 17. Bc2 Qb6 18.
Ka2 Qa6 19. Qe2 Nfd7 20. Na4 Nxa4 21. Bxa4 Nc5 22. Bc2 b5 23. cxb5 cxb5 24. Bd3 Qb6 25. Bxb5 Rab8 26. Rxc5 Bxc5 27. a4 Rfc8 28. Rc1 Bd4 29.
Rc6 Rxc6 30. dxc6 Qc5 31. Bxa5 Ra8 32. Be1 h6 33. Kb3 Qc1 34. Bb4 Rc8 35. Ba3 g6 36. g4 Kg7 37. Qd3 Rb8 38. Qc4 Qe3+ 39. Ka2 Qxe4 40. c7 Rc8 41. Ba6 1-0

[Event "GrandPrix_29.05"]
[Site "Chess.com"]
[Date "2020.05.29"]
[Round "4"]
[White "bernereremit"]
[Black "Frozygul"]
[Result "1-0"]
[WhiteElo "2217"]
[BlackElo "2145"]
[TimeControl "600+2"]
[EndTime "10:56:22 PDT"]
[Termination "bernereremit won by resignation"]

1. e4 Nf6 2. e5 Nd5 3. d4 d6 4.
Nf3 dxe5 5. Nxe5 c6 6. Be2 g6 7. O-O Bg7 8. c4 Nc7 9. Nc3 O-O 10. Be3 Nd7 11. Nd3 e5 12. dxe5 Nxe5 13. Nxe5 Bxe5 14. Rc1 Qe7 15. Qb3 Be6 16. Qxb7 Rab8 17. Qxc6 Rxb2 18. Rfe1 Rc8 19. Qa4 Qf6 20. Nd5 Nxd5 21. cxd5 Rxc1 22. Bxc1 Bxh2+ 23. Kxh2 Qxf2 24. Bxb2 Bd7 1-0

[Event "GrandPrix_29.05"]
[Site "Chess.com"]
[Date "2020.05.29"]
[Round "4"]
[White "mikolka1985"]
[Black "SpasKozhuharov"]
[Result "1-0"]
[WhiteElo "2514"]
[BlackElo "2184"]
[TimeControl "600+2"]
[EndTime "10:56:28 PDT"]
[Termination "mikolka1985 won by resignation"]

1. d4 d5 2. c4 dxc4 3. Nf3 Nf6 4. e3 e6 5. Bxc4 c5 6. O-O Nc6 7. Nc3 a6 8. dxc5 Bxc5 9. Qxd8+ Kxd8 10. Nd2 b5 11. Be2 Bb7 12. Nb3 Bb6 13. a4 b4 14. a5 Ba7 15. Na4 Nd7 16. Bd2 Ke7 17. Rfc1 Rhc8 18. Nac5 Nxc5 19. Nxc5 Bxc5 20. Rxc5 Rd8 21. Be1 Rd5 22. Rc4 Kf6 23. Bxb4 Nxb4 24. Rxb4 Rd2 25. Bf1 Bd5 26. Rb6 Rc8 27. Bxa6 Rcc2 28.
Bb7 Bxb7 29. Rxb7 Kg6 30. Rf1 Rxb2 31. Rxb2 Rxb2 32. Ra1 Rb7 33. a6 Ra7 34. Kf1 Kf5 35. Ke2 Ke4 36. Ra5 e5 37. Kd2 h5 38.
Kc3 h4 39. h3 g5 40. Kc4 f5 41. Ra3 g4 42. Kc5 gxh3 43. gxh3 Kf3 44. Kb6 Rxa6+ 45.
Rxa6 Kxf2 46. Kc5 Kxe3 47. Kd5 Kf4 48. Ra3 e4 49. Kd4 e3 50. Rxe3 1-0

[Event "GrandPrix_29.05"]
[Site "Chess.com"]
[Date "2020.05.29"]
[Round "4"]
[White "pheonixking2000"]
[Black "Hrant_ChessMood"]
[Result "0-1"]
[WhiteElo "2567"]
[BlackElo "2884"]
[TimeControl "600+2"]
[EndTime "10:56:41 PDT"]
[Termination "Hrant_ChessMood won by resignation"]

1. c4 Nf6 2. Nc3 g6 3. d4 Bg7 4. e4 d6 5. Be2 O-O 6. Be3 c5 7. d5 e6 8. Nf3 exd5 9. cxd5 Re8 10.
Nd2 Na6 11. O-O Nc7 12. a4 Na6 13. Bf4 Nb4 14. Re1 b6 15. h3 a6 16. Bf1 Ra7 17. Nc4 Rd7 18. Rc1 Bb7 19. Qf3 Nh5 20. Bh2 Bh6 21. g4 Bxc1 22. Rxc1 Ng7 23. Qf4 g5 24. Qg3 h5 25. h4 gxh4 26. Qf4 hxg4 27. Nxd6 g3 28.
Nxb7 gxh2+ 29. Kxh2 Rxb7 30. Rd1 Rbe7 31. Bh3 Re5 32. Rg1 Qd6 33. Kh1 Kf8 34. Qg4 Qf6 35.
d6 Nd3 0-1

[Event "GrandPrix_29.05"]
[Site "Chess.com"]
[Date "2020.05.29"]
[Round "4"]
[White "IriBu"]
[Black "Paulz64"]
[Result "1-0"]
[WhiteElo "2113"]
[BlackElo "2003"]
[TimeControl "600+2"]
[EndTime "10:56:42 PDT"]
[Termination "IriBu won by resignation"]

1. e4 c5 2. Nf3 e6 3. d4 cxd4 4. Nxd4 a6 5. Nc3 Qc7 6. Bd3 g6 7. Be3 Bg7 8. a4 Nf6 9. O-O O-O 10. h3 d6 11. Qd2 b6 12. Bh6 Bb7 13.
Bxg7 Kxg7 14. Rae1 Nbd7 15. Kh1 Nc5 16. f4 Rad8 17. b4 Ncd7 18. Nd1 e5 19. fxe5 dxe5 20.
Nb3 Nh5 21. Qe3 Qd6 22. c3 Nf4 23. Bc2 Rc8 24. g3 Nh5 25. Kh2 Bc6 26. Nc1 b5 27. a5 Ndf6 28. Nf2 Bd7 29. Bb3 Be6 30. Rd1 Qc6 31. Bxe6 Qxe6 32. Rd2 Qc4 33. Ne2 Rfd8 34. Rfd1 Rxd2 35. Rxd2 Qc6 36. Rd3 Rc7 37. g4 Nf4 38. Nxf4 exf4 39. Qxf4 Nd7 40. Rf3 Nf6 41. g5 Nh5 42.
Qe5+ Kg8 43. Ng4 Qc4 44. Nh6+ Kf8 45. Qh8+ Ke7 46. Rxf7+ 1-0

[Event "GrandPrix_29.05"]
[Site "Chess.com"]
[Date "2020.05.29"]
[Round "4"]
[White "ly4o"]
[Black "SmirnovTimofey2000"]
[Result "0-1"]
[WhiteElo "2018"]
[BlackElo "2189"]
[TimeControl "600+2"]
[EndTime "10:56:43 PDT"]
[Termination "SmirnovTimofey2000 won by resignation"]

1. d4 d5 2. c4 c6 3. cxd5 cxd5 4. Bf4 Nc6 5. e3 Nf6 6. Nc3 Bg4 7. Qb3 Na5 8. Bb5+ Bd7 9. Qa4 e6 10. Nf3 a6 11. Bxd7+ Nxd7 12. O-O b5 13. Qd1 Be7 14. Ne5 O-O 15. b3 Rc8 16. Qd3 Nxe5 17. Bxe5 Ba3 18. Rad1 Nc6 19. Bg3 Qa5 20. Ne2 Be7 21. Qb1 Nb4 22.
Nf4 Qxa2 23. Qxa2 Nxa2 24. Nd3 Nb4 25. Nc5 Rfd8 26. Rc1 Rc6 27. Nb7 Rdc8 28. Ra1 Rb6 29. Rfc1 Rxc1+ 30. Rxc1 Rc6 31. Ra1 Nc2 32. Rb1 Bb4 33.
h3 f6 34. Kf1 Be7 35. Ke2 Kf7 36. Kd2 Nb4 37. Kd1 Ke8 38. Nc5 Bxc5 39. dxc5 e5 40. f4 Re6 41. Kd2 exf4 42. Bxf4 Kd7 43. Kc3 a5 44. Ra1 Nc6 45. Rd1 Ne7 46. Ra1 Ra6 47.
Kd4 Kc6 48. g4 Ng6 49. Bd6 Nh4 50. Bf8 Ra7 51. Bd6 Nf3+ 52. Kc3 Ng5 53. Kd4 Ne6+ 54. Kc3 Nxc5 55. Bh2 b4+ 56. Kc2 Kb5 57. Rd1 Rd7 58.
h4 h6 59. g5 hxg5 60. hxg5 fxg5 61. Be5 Ne4 62. Rg1 Re7 63. Bd4 Rc7+ 64. Kd3 Rf7 65. Rg2 g4 66. Be5 Rf2 67. Rxf2 Nxf2+ 68. Kd4 Kc6 69.
Bf4 Ne4 70. Kd3 g3 71. Ke2 g2 72. Bh2 a4 73. bxa4 b3 0-1

[Event "GrandPrix_29.05"]
[Site "Chess.com"]
[Date "2020.05.29"]
[Round "4"]
[White "Gabrielian_Artur"]
[Black "Sanan_Sjugirov"]
[Result "1-0"]
[WhiteElo "2844"]
[BlackElo "2823"]
[TimeControl "600+2"]
[EndTime "10:56:46 PDT"]
[Termination "Gabrielian_Artur won by resignation"]

1. e4 c6 2. d4 d5 3. exd5 cxd5 4. Bd3 Nc6 5. c3 Nf6 6. h3 e5 7. dxe5 Nxe5 8. Nf3 Nxd3+ 9. Qxd3 Bd6 10. O-O O-O 11.
Bg5 h6 12. Bh4 g5 13. Bg3 Bxg3 14. fxg3 Ne4 15. Nd4 f5 16. Nd2 Qd6 17. g4 Nxd2 18. Qxd2 fxg4 19. Rxf8+ Kxf8 20. Rf1+ Kg7 21. Qf2 Qe7 22.
Re1 Qf7 23. Qg3 Bd7 24. Qe5+ Qf6 25. Qc7 Qf7 26. Re7 1-0

[Event "GrandPrix_29.05"]
[Site "Chess.com"]
[Date "2020.05.29"]
[Round "4"]
[White "kirillshevchenko"]
[Black "DenisQ"]
[Result "1-0"]
[WhiteElo "2751"]
[BlackElo "2196"]
[TimeControl "600+2"]
[EndTime "10:56:46 PDT"]
[Termination "kirillshevchenko won by resignation"]

1. e4 c6 2. d4 d5 3. e5 c5 4. dxc5 Nc6 5. f4 e6 6. Be3 d4 7.
Bf2 Bxc5 8. Bd3 Nh6 9. Nd2 O-O 10. Ngf3 Nf5 11. Qe2 Bb6 12. O-O Bd7 13. a3 Nce7 14. Nc4 Nd5 15. Nxb6 Nxf4 16. Qd2 Nxd3 17. Nxa8 Nxf2 18. Qxf2 Qxa8 19. Nxd4 Nxd4 20. Qxd4 Bc6 21. Rad1 b6 22. Rd2 Qc8 23. c4 h6 24. h3 Bb7 25.
b4 Qc7 26. Qd7 Qb8 27. Rdf2 1-0

[Event "GrandPrix_29.05"]
[Site "Chess.com"]
[Date "2020.05.29"]
[Round "4"]
[White "benko_008"]
[Black "Vesper2018"]
[Result "0-1"]
[WhiteElo "2047"]
[BlackElo "1853"]
[TimeControl "600+2"]
[EndTime "10:56:47 PDT"]
[Termination "Vesper2018 won by resignation"]

1. Nf3 Nf6 2. g3 g6 3. b3 Bg7 4. Bb2 c5 5. c4 d6 6. Bg2 e5 7. O-O Nc6 8. d3 O-O 9. Nc3 h6 10. Ne1 Be6 11. Nc2 Qd7 12. Ne3 Bh3 13.
Qd2 Ne7 14. Ne4 Bxg2 15. Kxg2 Nh5 16. Nc3 f5 17. Ned5 Nc6 18. f4 Rae8 19. Rae1 exf4 20. gxf4 g5 21. fxg5 f4 22. Ne4 hxg5 23. Bxg7 Kxg7 24.
Kh1 Rxe4 25. dxe4 Ng3+ 26. Kg2 Rh8 27. Nxf4 gxf4 28. Rxf4 Qh3+ 29. Kf2 Nxe4+ 30. Rxe4 Qxh2+ 31. Kf3 Ne5+ 32. Rxe5 Rh3+ 33. Kg4 Qg3+ 34. Kf5 Qxe5+ 35. Kg4 Qh5+ 36. Kf4 Qh6+ 0-1

[Event "GrandPrix_29.05"]
[Site "Chess.com"]
[Date "2020.05.29"]
[Round "4"]
[White "tacticthunder"]
[Black "MaxVavulin"]
[Result "1-0"]
[WhiteElo "2193"]
[BlackElo "2001"]
[TimeControl "600+2"]
[EndTime "10:56:59 PDT"]
[Termination "tacticthunder won by checkmate"]

1. e4 e5 2. Nf3 Nc6 3. Bc4 Nf6 4.
d4 exd4 5. O-O Nxe4 6. Re1 d5 7. Bxd5 Qxd5 8. Nc3 Qa5 9. Nxe4 Be6 10. Bd2 Qd5 11.
Bg5 Be7 12. Bxe7 Kxe7 13. b3 h6 14. Qc1 Rad8 15. Qa3+ Kd7 16. c4 Qf5 17. Nc5+ Kc8 18. Ne5 Rd6 19. Nxc6 Rxc6 20. Qxa7 Rxc5 21. Qa8+ Kd7 22.
Qxh8 Qf6 23. Qb8 Kc6 24. Rad1 Rg5 25. g3 Qf3 26. Qe8+ Kb6 27. Rxd4 Bh3 28. c5+ Rxc5 29.
Rb4+ Ka7 30. Qa4+ Kb8 31. Re8+ Bc8 32. Rxc8+ Kxc8 33. Qe8# 1-0

[Event "GrandPrix_29.05"]
[Site "Chess.com"]
[Date "2020.05.29"]
[Round "4"]
[White "Supernotar"]
[Black "Elshadchess"]
[Result "1-0"]
[WhiteElo "2131"]
[BlackElo "1732"]
[TimeControl "600+2"]
[EndTime "10:57:03 PDT"]
[Termination "Supernotar won on time"]

1. d4 d5 2. c4 e5 3. dxe5 d4 4.
Nf3 Nc6 5. g3 Be6 6. Nbd2 Qd7 7.
Bg2 Bh3 8. O-O Bxg2 9. Kxg2 h5 10. h4 O-O-O 11. a3 Nge7 12. b4 Ng6 13. Bb2 Qg4 14. Kh2 Be7 15. Qc2 d3 16. exd3 Bxh4 17. Nxh4 Nxh4 18. f3 Nxf3+ 19. Nxf3 h4 20. gxh4 Rxh4+ 21. Nxh4 Rh8 22. Qg2 Rxh4+ 23. Kg1 Qh5 24. Rf3 Nxe5 25.
Bxe5 Qxe5 26. Raf1 Qd4+ 27. R1f2 g5 28. Rg3 Qa1+ 29.
Qf1 Qe5 30. Kg2 Qh8 31. Rxf7 Rh2+ 32. Kf3 g4+ 33. Ke4 Qe8+ 34. Kd4 c5+ 35. bxc5 Rh8 36. Qf4 1-0

[Event "GrandPrix_29.05"]
[Site "Chess.com"]
[Date "2020.05.29"]
[Round "4"]
[White "BairaKovanova"]
[Black "lelajavakhishvili"]
[Result "1-0"]
[WhiteElo "2212"]
[BlackElo "2081"]
[TimeControl "600+2"]
[EndTime "10:57:07 PDT"]
[Termination "BairaKovanova won by resignation"]

1. e4 d6 2. d4 Nf6 3. Nc3 g6 4. Be3 c6 5. Qd2 Nbd7 6. Nf3 b5 7. Bd3 Nb6 8. b3 Bg7 9. a4 b4 10. Ne2 a5 11. Bh6 O-O 12. Bxg7 Kxg7 13. Ng3 c5 14. O-O Bg4 15. dxc5 dxc5 16. Qe3 Bxf3 17. Qxf3 e5 18. Bb5 Qe7 19. Qe3 Rad8 20. h3 h6 21. Ne2 Nh5 22. Rad1 Kh7 23. Rd3 Ng7 24. f4 exf4 25. Nxf4 Qe5 26. Rxd8 Rxd8 27. Nd3 Qe7 28. Qxc5 Qxc5+ 29. Nxc5 Kg8 30. Nb7 Ra8 31. Nd6 Ra7 32. Nc4 Nc8 33. Rd1 Ne6 34. Rd7 Ra8 35. Ne5 Nb6 36. Rb7 Nc8 37. Nxf7 Nc5 38. Nxh6+ Kh8 39.
Rc7 Nxe4 40. Bc6 Ra6 41. Bxe4 1-0

[Event "GrandPrix_29.05"]
[Site "Chess.com"]
[Date "2020.05.29"]
[Round "4"]
[White "Winawer81"]
[Black "Logman74"]
[Result "1-0"]
[WhiteElo "2136"]
[BlackElo "2150"]
[TimeControl "600+2"]
[EndTime "10:57:09 PDT"]
[Termination "Winawer81 won by checkmate"]

1. e4 c5 2. c3 d5 3. exd5 Qxd5 4.
d4 Nf6 5. Nf3 e6 6. Na3 Be7 7. Be3 cxd4 8. Nb5 Qd8 9. Qxd4 Nd5 10.
Qxg7 Bf6 11. Qg3 Nxe3 12. fxe3 Na6 13. Rd1 Qb6 14. Nd6+ Ke7 15. Nc4 Qc5 16. Qd6+ Qxd6 17. Nxd6 Nc5 18. Be2 Bd7 19. Bb5 Rad8 20. Ke2 Rhg8 21.
g3 Na4 22. Bxd7 Nxb2 23. Ne4 Nxd1 24. Rxd1 Bxc3 25. Rc1 Bb4 26. Ba4 f5 27. Rc7+ Kf8 28. Neg5 Rg6 29. Rxb7 Bc5 30. Bb3 Rd6 31. Nxh7+ Ke8 32.
Nhg5 a5 33. h4 Ra6 34. Ne5 Rh6 35. Ba4+ Kf8 36. Nd7+ Kg8 37. Nxc5 Ra8 38. Ncxe6 Rc8 39. Rg7+ Kh8 40. Nf7# 1-0

[Event "GrandPrix_29.05"]
[Site "Chess.com"]
[Date "2020.05.29"]
[Round "4"]
[White "VojtechPlat"]
[Black "Nitzan_Steinberg"]
[Result "1-0"]
[WhiteElo "2395"]
[BlackElo "2128"]
[TimeControl "600+2"]
[EndTime "10:57:13 PDT"]
[Termination "VojtechPlat won by resignation"]

1. e4 c5 2. Nf3 d6 3. c3 Nf6 4. Bc4 e6 5. Qe2 a6 6. Bb3 b5 7. d4 Bb7 8. Bg5 Be7 9. Nbd2 Nbd7 10. O-O e5 11. dxe5 dxe5 12. Bxf6 Bxf6 13. Bd5 Qc7 14. a4 Rb8 15. axb5 axb5 16. Ra7 Qb6 17. Rfa1 O-O 18. Bxb7 Rxb7 19. R7a6 Qc7 20. Nf1 c4 21. Ne3 Nb6 22. Ng4 Be7 23. Ngxe5 Bc5 24. Ng4 Re8 25. e5 Qc6 26. Rd1 Rd7 27. Raa1 Red8 28. Rxd7 Qxd7 29. h3 Qd3 30. Qe1 h5 31. Ne3 Qe4 32. Nf1 Qxe1 33. Rxe1 Na4 34. Rb1 Rd3 35. N1d2 Kf8 36. Kf1 Ke7 37.
Ne4 Ke6 38. b3 cxb3 39. Rxb3 Kd5 40. Nfd2 b4 41. Ke2 Rxc3 42. Nxc3+ bxc3 43. Nf3 Kc4 44. Rb7 Bb4 45. Ne1 Kb3 46. Nd3 1-0

[Event "GrandPrix_29.05"]
[Site "Chess.com"]
[Date "2020.05.29"]
[Round "4"]
[White "Saqo007"]
[Black "zuagroasta"]
[Result "1-0"]
[WhiteElo "2023"]
[BlackElo "1354"]
[TimeControl "600+2"]
[EndTime "10:57:18 PDT"]
[Termination "Saqo007 won by resignation"]

1. d4 Nf6 2. c4 e6 3. Nc3 Bb4 4. a3 Bxc3+ 5. bxc3 c5 6. e3 b6 7. Bd3 Bb7 8. f3 Nc6 9. Ne2 O-O 10. O-O Ba6 11.
e4 Ne8 12. f4 f5 13. exf5 exf5 14. dxc5 bxc5 15. Be3 d6 16. Ng3 g6 17. Bxf5 gxf5 18. Qd5+ Rf7 19. Qxc6 Bb7 20. Qa4 h5 21. Qc2 h4 22. Nxf5 Qf6 23. g4 hxg3 24. Nxg3 Qh4 25. Rf2 Rg7 26. Rg2 Bxg2 27. Qxg2 Rb8 28. Qd5+ Kf8 29.
Qg2 Nf6 30. Kh1 Rgb7 31. Rg1 Rb1 32. Bc1 Ng4 33. Ne4 Re8 34. Ng3 Qh7 35. f5 Qb7 36. Qxb7 Rxb7 37. Nh5 Re4 38. h3 Nf2+ 39. Kg2 Nd3 40.
Bh6+ Kf7 41. Kf3 Rc7 42. Rg7+ Ke8 43. Nf6+ Kd8 44. Rg8+ Ke7 45. Nd5+ Kf7 46. Rg7+ 1-0

[Event "GrandPrix_29.05"]
[Site "Chess.com"]
[Date "2020.05.29"]
[Round "4"]
[White "komandoras123"]
[Black "Petriashvili02"]
[Result "0-1"]
[WhiteElo "2276"]
[BlackElo "2233"]
[TimeControl "600+2"]
[EndTime "10:57:23 PDT"]
[Termination "Petriashvili02 won on time"]

1. c4 c5 2. Nf3 Nf6 3. Nc3 Nc6 4. e3 g6 5. d4 d6 6. Be2 Bg7 7. O-O O-O 8. b3 cxd4 9. Nxd4 Bd7 10. Bb2 Rc8 11.
Bf3 a6 12. Qd2 Qa5 13. Rfd1 Rfe8 14. Nde2 b5 15. cxb5 axb5 16. a4 bxa4 17. Nxa4 Qxd2 18. Rxd2 Na5 19. Ra3 Nxb3 20. Rxb3 Bxa4 21. Rb4 Bc6 22. Bxc6 Rxc6 23. h3 h5 24. Nf4 Nd7 25. Bxg7 Kxg7 26. Rb7 Nc5 27. Ra7 Ne4 28. Rb2 Rc1+ 29. Kh2 Nc5 30.
h4 Rd1 31. Rc2 Kf6 32. f3 Ne6 33. Nxe6 Kxe6 34. e4 Re1 35. Rcc7 f5 36. exf5+ gxf5 37. Kg3 Kf6 38. Kf2 Rb1 39. Rc2 f4 40. Rd7 Ra8 41. Re2 Raa1 0-1

[Event "GrandPrix_29.05"]
[Site "Chess.com"]
[Date "2020.05.29"]
[Round "4"]
[White "Lion_DL"]
[Black "XeresLt"]
[Result "1-0"]
[WhiteElo "2165"]
[BlackElo "1809"]
[TimeControl "600+2"]
[EndTime "10:57:24 PDT"]
[Termination "Lion_DL won by checkmate"]

1. e4 c5 2. Nf3 e6 3. d3 Nc6 4. g3 g6 5. Bg5 Be7 6. h4 h6 7. Bf4 d6 8. Bg2 Nf6 9. Nc3 Ng4 10. Qd2 e5 11. Be3 Nxe3 12. Qxe3 Be6 13. O-O-O Qa5 14. Kb1 O-O-O 15. Nd2 a6 16. Nd5 Bxd5 17.
exd5 Nd4 18. c3 Nb5 19. Nc4 Qc7 20. Rhe1 Bf6 21. f4 exf4 22. Qxf4 Bg7 23. a4 Na7 24. a5 Kb8 25. Re2 Nb5 26. Kc2 Rhe8 27.
Rde1 Rxe2+ 28. Rxe2 f5 29. Re6 Ka7 30. Rxg6 Be5 31. Qxf5 Re8 32. Re6 Rxe6 33. dxe6 Bxg3 34. h5 Bh4 35. Qd5 Be7 36. Nb6 Kb8 37. Qf3 Bd8 38.
Qf7 d5 39. Nxd5 Qxa5 40. Ne3 Qa4+ 41. Kd2 Nd6 42. Qf8 Kc7 43. e7 Bxe7 44. Qxe7+ Qd7 45. Nd5+ Kc8 46. Bh3 Qxh3 47. Qc7# 1-0

[Event "GrandPrix_29.05"]
[Site "Chess.com"]
[Date "2020.05.29"]
[Round "4"]
[White "Funo09"]
[Black "SantoBlue"]
[Result "1-0"]
[WhiteElo "2612"]
[BlackElo "2389"]
[TimeControl "600+2"]
[EndTime "10:57:29 PDT"]
[Termination "Funo09 won by resignation"]

1. e4 d6 2. d4 Nf6 3. Nc3 e5 4. Nge2 Be7 5. h3 c6 6. a4 a5 7.
g4 h5 8. g5 Nh7 9. h4 Bg4 10.
Bh3 Bxh3 11. Rxh3 Nd7 12. f4 Nhf8 13. Be3 Qc7 14. Qd3 Ne6 15. O-O-O exd4 16. Nxd4 Ndc5 17. Qe2 O-O-O 18. f5 Nf8 19. Qc4 Nxe4 20. Ndb5 cxb5 21. Qxe4 Re8 22. Nxb5 Qd7 23. f6 gxf6 24. gxf6 Qxh3 25.
fxe7 Qd7 26. Nxd6+ Kb8 27. Nxe8 Qxe8 28. Rd8+ 1-0

[Event "GrandPrix_29.05"]
[Site "Chess.com"]
[Date "2020.05.29"]
[Round "4"]
[White "Yuri202062"]
[Black "fm_magua"]
[Result "0-1"]
[WhiteElo "1901"]
[BlackElo "1808"]
[TimeControl "600+2"]
[EndTime "10:57:34 PDT"]
[Termination "fm_magua won on time"]

1. d4 Nf6 2. c4 g6 3. Nc3 Bg7 4.
e4 d6 5. Be2 O-O 6. Be3 e5 7. d5 a5 8. h4 Na6 9. h5 Nc5 10. Qc2 b6 11. Nh3 Ng4 12. Bxg4 Bxg4 13. f3 Bxh3 14. Rxh3 f5 15. hxg6 hxg6 16. O-O-O f4 17.
Bf2 Kf7 18. Rdh1 Qe7 19. Nb5 Rh8 20. a3 Rxh3 21. Rxh3 Rh8 22. Rxh8 Bxh8 23. b4 Nb7 24. Qd1 Bf6 25. Qh1 Kg7 26. Qh3 Qd8 27. Kc2 axb4 28.
axb4 Qa8 29. Qd7+ Kh6 30. Nc3 Qd8 31. Qe6 Kg7 32. Kb3 Kh6 33. Nb5 Kg7 34. Na7 Qa8 35. Qd7+ Kh6 36. Qa4 g5 37. Nb5 Qc8 38. Na7 Qa8 39. Nc6 Qc8 40. Qa7 g4 41. Qb8 Qd7 42.
Qxb7 gxf3 43. gxf3 Qh3 44. Qxc7 Qxf3+ 45. Ka4 Qxf2 46. Qxd6 Kg5 47. Nxe5 Qc2+ 48. Kb5 Qxe4 49. Nd7 Be7 50. Qxb6 f3 51. Qg1+ Kf4 52. Qh2+ Ke3 53. Qh6+ Ke2 54. Qh5 Kd2 55. Ne5 f2 56. Nf3+ Kc3 57.
Nh2 Qxc4+ 58. Kb6 Qxb4+ 59. Kc6 Qc5+ 0-1

[Event "GrandPrix_29.05"]
[Site "Chess.com"]
[Date "2020.05.29"]
[Round "4"]
[White "LuckyLuka04"]
[Black "grunbergmihai"]
[Result "0-1"]
[WhiteElo "2198"]
[BlackElo "2260"]
[TimeControl "600+2"]
[EndTime "10:57:35 PDT"]
[Termination "grunbergmihai won by resignation"]

1. d4 f5 2. Nc3 d5 3. Bg5 c6 4. e3 Qb6 5. Rb1 Nd7 6. Bd3 e6 7. Nf3 Ngf6 8. Ne5 Be7 9. Bf4 O-O 10. Ne2 Qa5+ 11. c3 c5 12. a3 c4 13. Bc2 Nxe5 14. Bxe5 b5 15. f3 Qb6 16. g4 fxg4 17. Nf4 Nd7 18.
Kd2 Nxe5 19. dxe5 Bg5 20. Qg1 Bxf4 21. exf4 Rxf4 22. Qxb6 axb6 23. fxg4 Rf2+ 24. Kc1 Bb7 25. Bd1 d4 26. Rg1 d3 27. b4 Rxa3 28. Rb2 Rxc3+ 29. Kb1 d2 30. Bc2 Rxc2 31. Kxc2 d1=Q+ 32. Kxd1 Rxb2 33. Rg3 Rxh2 34. Ra3 Bd5 35. Ra7 c3 36. Rc7 c2+ 37. Kc1 Be4 38. g5 Rh1+ 0-1

[Event "GrandPrix_29.05"]
[Site "Chess.com"]
[Date "2020.05.29"]
[Round "4"]
[White "SavelievAlexei"]
[Black "Alex_Molchanov"]
[Result "1-0"]
[WhiteElo "2287"]
[BlackElo "2078"]
[TimeControl "600+2"]
[EndTime "10:57:35 PDT"]
[Termination "SavelievAlexei won by resignation"]

1. d4 Nf6 2. Nc3 d6 3. e4 g6 4. h3 Bg7 5. Nf3 a6 6. Bf4 b5 7.
Bd3 Bb7 8. Qe2 O-O 9. O-O c5 10. dxc5 dxc5 11. Rad1 Qc8 12. e5 Ne8 13. Be4 Nc6 14.
Nd5 f5 15. Nb6 fxe4 16. Nxc8 exf3 17. Qxf3 Rxc8 18. c3 Nc7 19. Qe3 Ne6 20. Bg3 Rfd8 21. Qe2 Rxd1 22. Rxd1 Rd8 23. Rxd8+ Ncxd8 24. Qd2 Bc6 25. h4 Kf7 26. h5 gxh5 27. f4 Be4 28. Qe2 Bc6 29. f5 Nf8 30. Qxh5+ Kg8 31. Qg4 Nd7 32. f6 exf6 33. e6 Nb6 34. Bc7 1-0

[Event "GrandPrix_29.05"]
[Site "Chess.com"]
[Date "2020.05.29"]
[Round "4"]
[White "MiroVlasenko"]
[Black "yamalchess"]
[Result "1/2-1/2"]
[WhiteElo "2626"]
[BlackElo "2479"]
[TimeControl "600+2"]
[EndTime "10:57:36 PDT"]
[Termination "Game drawn by repetition"]

1. e4 e5 2. Nc3 Nc6 3. Bc4 Nf6 4. d3 Na5 5. Nge2 Bc5 6. O-O Nxc4 7. dxc4 h6 8. Ng3 d6 9. h3 Be6 10. b3 a5 11. Qf3 Bd4 12. Bd2 Nh7 13. Nf5 Bxf5 14. exf5 c6 15. Rae1 O-O 16. Ne2 Ba7 17. Ng3 Re8 18. Re4 d5 19. cxd5 cxd5 20. Rg4 Nf6 21. Bxh6 Nxg4 22. Qxg4 Qf6 23. Bg5 Qd6 24. f6 Qe6 25.
Nf5 g6 26. Qh4 Bc5 27. Nh6+ Kf8 28. Be3 d4 29. Ng4 Kg8 30. Nh6+ Kf8 31. Ng4 Kg8 32. Bh6 Qf5 33. Bg5 Qe6 34. Nh6+ Kf8 35. Ng4 Kg8 36. Nh6+ Kf8 37. Ng4 Kg8 1/2-1/2

[Event "GrandPrix_29.05"]
[Site "Chess.com"]
[Date "2020.05.29"]
[Round "4"]
[White "GMStefanova"]
[Black "Armen_Barseghyan"]
[Result "1/2-1/2"]
[WhiteElo "2464"]
[BlackElo "2354"]
[TimeControl "600+2"]
[EndTime "10:57:36 PDT"]
[Termination "Game drawn by repetition"]

1. Nf3 c5 2. g3 Nf6 3. Bg2 g6 4. b3 Bg7 5. Bb2 O-O 6. c4 d6 7. O-O e5 8. Nc3 Nc6 9. Ne1 Ne8 10. Nd5 Nc7 11. Nc2 f5 12. f4 Be6 13. Nce3 Bf7 14.
Nxc7 Qxc7 15. Nd5 Qd7 16. d3 Ne7 17. Nxe7+ Qxe7 18. e4 Be6 19. fxe5 dxe5 20. exf5 Bxf5 21. Qe2 Rad8 22. Bd5+ Kh8 23. Rae1 Rfe8 24. g4 Be6 25.
Bxe5 Bd7 26. Bxg7+ Qxg7 27. Qf2 Bxg4 28. Qxc5 Bh3 29.
Rxe8+ Rxe8 30. Bg2 Bxg2 31. Kxg2 h5 32. Qf2 Kh7 33.
d4 Re4 34. d5 Qe5 35. Qf7+ Kh6 36. Qf8+ Kg5 37. Qd8+ Kh6 38. Qf8+ Kg5 39. h3 Re3 40. Qd8+ Kh6 41. Qf8+ Kg5 42. Qd8+ Kh6 43. Qf8+ Kg5 1/2-1/2

[Event "GrandPrix_29.05"]
[Site "Chess.com"]
[Date "2020.05.29"]
[Round "4"]
[White "OhanyanEminChess"]
[Black "redblizzard"]
[Result "0-1"]
[WhiteElo "2096"]
[BlackElo "1921"]
[TimeControl "600+2"]
[EndTime "10:57:37 PDT"]
[Termination "redblizzard won by resignation"]

1. e4 e5 2. Nf3 Nc6 3. Bc4 Nf6 4. d3 Be7 5. O-O O-O 6. Re1 d6 7. h3 Kh8 8. c3 Na5 9. Bb3 Nxb3 10. axb3 c6 11.
Nbd2 Qc7 12. Nf1 Be6 13. Ng5 Bd7 14. f4 h6 15. Nf3 Nh5 16. f5 Nf4 17. Kh2 d5 18. g3 dxe4 19. dxe4 Nh5 20. Nxe5 Nxg3 21. Nxg3 Qxe5 22. Qxd7 Rad8 23. Qxb7 Bh4 24. Re3 Bxg3+ 25. Rxg3 Rd3 26. Be3 Rxe3 27. Rg1 Rd8 28. h4 Rxg3 29. Rxg3 Rd3 30. Qc8+ Kh7 31. Qc7 Qxc7 0-1

[Event "GrandPrix_29.05"]
[Site "Chess.com"]
[Date "2020.05.29"]
[Round "4"]
[White "KardashevskiyEvgeny"]
[Black "Alex_Krayz"]
[Result "1/2-1/2"]
[WhiteElo "2068"]
[BlackElo "2154"]
[TimeControl "600+2"]
[EndTime "10:57:42 PDT"]
[Termination "Game drawn by repetition"]

1. d4 Nf6 2. Nf3 e6 3. c4 b6 4. g3 Ba6 5. Qb3 Bb7 6. Bg2 c5 7. dxc5 Bxc5 8. O-O O-O 9. Nc3 Na6 10. Rd1 Be7 11. Bf4 Nc5 12. Qc2 d6 13. Rac1 a6 14. b4 Nce4 15. Nxe4 Bxe4 16. Qb3 Qb8 17. Ne1 Bxg2 18.
Kxg2 Qb7+ 19. f3 d5 20. c5 Rfc8 21. Nd3 Nd7 22. Bd6 Bxd6 23. cxd6 Rc6 24. Rxc6 Qxc6 25. Rc1 Qxd6 26. Qc3 Kf8 27. a4 f6 28. Qd4 Ke7 29. Qg4 Kf7 30. Qh5+ Kg8 31. b5 axb5 32. axb5 Nc5 33.
Nf4 e5 34. Nh3 d4 35. Nf2 Qd5 36. Ra1 g6 37. Rxa8+ Qxa8 38. Qg4 Qe8 39. Ne4 Nxe4 40. fxe4 Kg7 41. Kf2 h5 42. Qh3 Qxb5 43. Qe6 Qc5 44. Qd7+ Kh6 45. Qd8 Kg7 46. Qd7+ Kg8 47. Qe6+ Kg7 48.
Qd7+ 1/2-1/2

[Event "GrandPrix_29.05"]
[Site "Chess.com"]
[Date "2020.05.29"]
[Round "4"]
[White "rasmussvane"]
[Black "SamadovRead"]
[Result "1-0"]
[WhiteElo "2386"]
[BlackElo "1967"]
[TimeControl "600+2"]
[EndTime "10:57:55 PDT"]
[Termination "rasmussvane won by resignation"]

1. Nf3 Nf6 2. g3 b5 3. Bg2 Bb7 4. d4 e6 5. Bg5 Be7 6. Qd3 a6 7. a4 b4 8. Nbd2 O-O 9. Bxf6 Bxf6 10. Ng5 Bxg5 11. Bxb7 Ra7 12. Bg2 d5 13. O-O Nd7 14. e4 c6 15. f4 Be7 16. Rae1 c5 17. exd5 exd5 18. Kh1 c4 19. Qf3 Nf6 20. c3 bxc3 21. bxc3 h5 22. h3 Bd6 23. Rf2 Re7 24. Re5 Bxe5 25.
fxe5 Ne4 26. Nxe4 dxe4 27. Qxh5 e3 28. Re2 g6 29. Qg5 Re6 30. Qxe3 f6 31. Qh6 fxe5 32.
Rxe5 Rxe5 33. Qxg6+ Kh8 34. dxe5 Qd3 35. Qh6+ Kg8 36. Qg5+ Kh8 37. e6 Qxc3 38. e7 Qe1+ 39. Kh2 Rf2 40. Qh6+ Kg8 41. Qg6+ Kh8 42. e8=Q+ 1-0